 Dungeon Crawl Stone Soup version 0.24-a0-549-g45f0056d81 (webtiles) character file.

Game seed: 18184801407331588217

2029 Ijustatesigmund the Fighter (level 9, -6/97 HPs)
             Began as an Ogre Fighter on Aug 20, 2019.
             Mangled by a crocodile (7 damage)
             ... while petrified by a basilisk
             ... on level 8 of the Dungeon.
             The game lasted 00:15:08 (8885 turns).

Ijustatesigmund the Fighter (Ogre Fighter)          Turns: 8885, Time: 00:15:09

Health: -6/97      AC:  6    Str: 22    XL:     9   Next: 23%
Magic:  9/9        EV:  1    Int:  4    God:
Gold:   229        SH:  0    Dex: 11    Spells: 8/8 levels left

rFire    . . .     SeeInvis +   a - +1 whip "Faullem" {distort, rElec} (curse)
rCold    . . .     Gourm    .   c - +0 shield
rNeg     + + +     Faith    .   b - +0 robe "Hodi" {rCorr Int-5 SInv}
rPois    ∞         Spirit   .   (helmet restricted)
rElec    +         Reflect  .   d - +2 cloak
rCorr    +         Harm     .   (gloves unavailable)
MR       .....                  (boots unavailable)
Stlth    +.........             i - amulet of the acrobat
HPRegen  0.26/turn              h - ring of resist corrosion
MPRegen  0.11/turn              o - +4 ring of evasion

@: petrified
A: large, unfitting armour, tough skin 1
a: no special abilities


You were on level 8 of the Dungeon.
You were hungry.

You visited 1 branch of the dungeon, and saw 8 of its levels.

You collected 341 gold pieces.
You spent 112 gold pieces at shops.

Inventory:

Hand Weapons
 a - the cursed +1 whip "Faullem" (weapon) {distort, rElec}
   (You found it on level 6 of the Dungeon)

   It warps and distorts space around it.
   Unwielding it can cause banishment or high damage.
   It insulates you from electricity.
   It has a curse placed upon it.
 x - a +1 flail
Armour
 b - the +0 robe "Hodi" (worn) {rCorr Int-5 SInv}
   (You found it on level 6 of the Dungeon)

   It affects your intelligence (-5).
   It lets you see invisible.
   It provides partial protection from all sources of acid and corrosion.
 c - a +0 shield (worn)
 d - a +2 cloak (worn)
 r - a scarf of spirit shield
Jewellery
 h - a ring of resist corrosion (left hand)
 i - an amulet of the acrobat (around neck)
 o - a +4 ring of evasion (right hand)
Wands
 t - a wand of acid (16)
 v - a wand of polymorph (4)
Scrolls
 e - 6 scrolls of identify
 n - 4 scrolls of remove curse
 q - 2 scrolls of immolation
 s - a scroll of amnesia
 u - a scroll of enchant weapon
 y - a scroll of blinking
Potions
 g - a potion of flight
 j - a potion of haste
 k - a potion of heal wounds
 l - 7 potions of curing
 m - 2 potions of brilliance
 p - a potion of invisibility
 w - a potion of magic
 z - a potion of resistance
Comestibles
 f - 7 rations


   Skills:
 + Level 8.5 Fighting
 * Level 7.7 Maces & Flails
 + Level 4.9 Dodging
 + Level 4.8 Shields


You had 8 spell levels left.
You didn't know any spells.
Your spell library contained the following spells:

 Spells                   Type           Power        Failure   Level  Hunger
 Corona                   Hex            #......      80%         1    ##.....
 Magic Dart               Conj           #...         80%         1    ##.....
 Ensorcelled Hibernation  Hex/Ice        #.....       91%         2    ###....
 Searing Ray              Conj           #.....       91%         2    ###....
 Confuse                  Hex            #.......     99%         3    ####...
 Dazzling Spray           Conj/Hex       #.....       99%         3    ####...
 Tukima's Dance           Hex            #.......     99%         3    ####...
 Force Lance              Conj/Tloc      #.......     100%        4    #####..
 Fulminant Prism          Conj/Hex       #.........   100%        4    #####..
 Iskenderun's Mystic Bla  Conj           #.......     100%        4    #####..


Dungeon Overview and Level Annotations

Branches:
Dungeon (8/15)             Temple (0/1) D:7
   Lair: D:8-11

Altars:
Dithmenos
Gozag
Nemelex Xobeh
The Shining One

Shops:
D:4 *

Annotations:
D:5 gentoosiast's ghost, novice DsNe


Innate Abilities, Weirdness & Mutations

You are too large for most types of armour.
You have tough skin. (AC +1)


Message History

The basilisk bites you!
* * * LOW HITPOINT WARNING * * *
The yak gores you!
* * * LOW HITPOINT WARNING * * *
The porcupine bites you.
* * * LOW HITPOINT WARNING * * *
The orc priest hits you.
* * * LOW HITPOINT WARNING * * *
The basilisk bites you but does no damage.
The crocodile bites you!
* * * LOW HITPOINT WARNING * * *
The porcupine bites you but does no damage.
The yak gores you but does no damage. The orc priest hits you.
* * * LOW HITPOINT WARNING * * *
The basilisk gazes at you. You resist with some effort.
The porcupine bites you but does no damage.
The crocodile bites you!
You die...

#.##.##### #.##.#...#
#.##.#...#
######.##.#...#
...............## ##
................####..##
#............>[.........
#.#...#.........lr......
# #...#....#....@oY..P..
#####....#....YtY....P
#....##+#.##rP....
#....# ... ...... ....
P.?.♣. ..... ...♣ #...%
..P♣ ..... ..P


You could see 3 yaks, a basilisk, a crocodile, 2 porcupines and an orc priest.

Vanquished Creatures
  A hippogriff (D:7)
  A hungry ghost (D:7)
  A black bear (D:6)
  An eye of draining (D:8)
  An ogre (D:5)
  A centaur (D:7)
  A bullfrog (D:6)
  A crimson imp (D:8)
  3 hounds
  Crazy Yiuf (D:2)
  4 bullfrog skeletons
  A jelly (D:6)
  An orc priest (D:8)
  4 orc wizards
  A centaur skeleton (D:7)
  An iguana (D:6)
  A hell rat (D:7)
  3 worker ants
  A hound zombie (D:6)
  A hound skeleton (D:7)
  Robin (D:2)
  A howler monkey zombie (D:2)
  8 gnolls
  6 adders
  7 river rats (D:7)
  A shadow imp (D:7)
  2 adder skeletons
  2 worms (D:4)
  A dart slug (D:2)
  7 leopard geckos
  13 orcs
  8 bats
  3 giant cockroaches
  19 goblins
  9 hobgoblins
  8 jackals
  9 quokkas
  11 kobolds
  A leopard gecko zombie (D:7)
  24 rats
171 creatures vanquished.

Vanquished Creatures (others)
  A centaur skeleton (D:8)
  A yak (D:8)
  A sky beast (D:7)
  A water moccasin skeleton (D:8)
  A scorpion (D:8)
  A river rat (D:7)
  An orc (D:8)
  A rat (D:7)
  4 fungi (D:8)
  2 plants (D:8)
14 creatures vanquished.

Grand Total: 185 creatures vanquished

Notes
Turn   | Place    | Note
-------+----------+-------------------------------------------
     0 | D:1      | Ijustatesigmund the Ogre Fighter began the quest for the
                  | Orb.
     0 | D:1      | Reached XP level 1. HP: 24/24 MP: 1/1
   189 | D:1      | Reached XP level 2. HP: 17/32 MP: 2/2
  1082 | D:2      | Reached XP level 3. HP: 32/40 MP: 3/3
  1400 | D:2      | Found a runed translucent door.
  1522 | D:2      | Noticed Crazy Yiuf
  1531 | D:2      | Killed Crazy Yiuf
  1531 | D:2      | Reached skill level 5 in Fighting
  1531 | D:2      | Reached XP level 4. HP: 23/50 MP: 4/4
  1835 | D:2      | Noticed Robin
  3493 | D:2      | Reached XP level 5. HP: 57/57 MP: 5/5
  3504 | D:2      | Killed Robin
  3524 | D:2      | Found a glowing golden altar of the Shining One.
  3733 | D:2      | Found a shadowy altar of Dithmenos.
  3781 | D:2      | Found an opulent altar of Gozag.
  3782 | D:2      | Found a sparkling altar of Nemelex Xobeh.
  4721 | D:3      | Reached XP level 6. HP: 31/67 MP: 6/6
  5328 | D:4      | Reached skill level 6 in Fighting
  5396 | D:4      | Found Peledd's Assorted Antiques.
  5401 | D:4      | Bought a scroll labeled ILEAHYIZAR for 23 gold pieces
  5401 | D:4      | Bought a blue potion for 20 gold pieces
  5401 | D:4      | Bought a scroll labeled CAINWE JONUMO for 23 gold pieces
  5401 | D:4      | Bought a scroll labeled GIARHIMEMA for 23 gold pieces
  5401 | D:4      | Bought a scroll labeled CAINWE JONUMO for 23 gold pieces
  5896 | D:5      | Entered Level 5 of the Dungeon
  5985 | D:5      | Reached skill level 5 in Maces & Flails
  6340 | D:5      | Reached XP level 7. HP: 74/76 MP: 7/7
  6805 | D:5      | Found a runed translucent door.
  6810 | D:5      | Noticed gentoosiast's ghost (novice DsNe)
  6818 | D:5      | Found a runed translucent door.
  7382 | D:6      | Got a tattered robe
  7388 | D:6      | Identified the +0 robe "Hodi" {rCorr Int-5 SInv} (You found
                  | it on level 6 of the Dungeon)
  7536 | D:6      | Got a transparent whip
  7537 | D:6      | Identified the cursed +1 whip "Faullem" {distort, rElec}
                  | (You found it on level 6 of the Dungeon)
  7573 | D:6      | Reached skill level 7 in Fighting
  7785 | D:6      | Reached XP level 8. HP: 81/87 MP: 8/8
  7897 | D:7      | Found a staircase to the Ecumenical Temple.
  7969 | D:7      | Noticed a hippogriff
  7994 | D:7      | Killed a hippogriff
  8424 | D:7      | Reached skill level 8 in Fighting
  8773 | D:8      | Reached XP level 9. HP: 75/96 MP: 0/9
  8884 | D:8      | HP: 3/97 [crocodile (5)]
  8885 | D:8      | HP: 1/97 [orc priest (2)]
  8885 | D:8      | Mangled by a crocodile

Levels and vault maps discovered:
D:1:      matt_arrival_refuge, layout_basic
D:2:      layout_basic, grunt_temple_overflow_opulence, marbit_many_paths,
          tso_metal_star, grunt_decor_mini_mirrors, kennysheep_pointless_box,
          uniq_robin, uniq_crazy_yiuf_cottage
D:3:      layout_rooms, minmay_misc_feat_x
D:4:      layout_basic, serial_shops, shop, minmay_fountain_box
D:5:      layout_basic, ebering_ghost_sewer_f, first_ration
D:6:      layout_basic, minmay_statues_item
D:7:      lemuel_ratsnest, layout_cave_pods, minmay_temple_entry_ruins,
          kennysheep_generic_room_15
D:8:      layout_basic, minmay_lair_entry_grove,
          lightli_ossuary_entry_decrepit_ruins, grunt_ogre_cave

Skill      XL: |  1  2  3  4  5  6  7  8 |
---------------+-------------------------+-----
Maces & Flails | 2 3 4 5 6 7 |  7.7
Fighting       | 5 6 7 8 |  8.5
Dodging        | 3 4 |  4.9
Shields        | 3 4 |  4.8

Action                   |  1- 3 |  4- 6 |  7- 9 || total
-------------------------+-------+-------+-------++-------
Melee: Flail             |   112 |   256 |    68 ||   436
       Whip              |       |       |   224 ||   224
Evoke: Wand              |       |       |     2 ||     2
  Use: Scroll            |     5 |    16 |     4 ||    25
       Potion            |     1 |     1 |     2 ||     4
  Eat: Chunk             |     2 |    11 |     3 ||    16
       Ration            |       |     1 |     2 ||     3
Armor: Robe              |    37 |    80 |    53 ||   170
Dodge: Dodged            |    47 |   120 |   134 ||   301
Block: Shield            |    56 |   153 |   107 ||   316

Table legend:
 A = Non-vault XP
 B = Vault XP
 C = Vault XP percentage of total XP
 D = Non-vault monster count
 E = Vault monster count
 F = Vault count percentage of total count
                 A         B        C        D         E       F
            +---------+---------+-------+---------+---------+-------
      Total |    2431 |     468 |  16.1 |     129 |      50 |  27.9
            +---------+---------+-------+---------+---------+-------
        D:1 |      31 |       5 |  13.9 |      20 |       3 |  13.0
        D:2 |     100 |      75 |  42.9 |      26 |      12 |  31.6
        D:3 |     103 |       0 |   0.0 |      16 |       0 |   0.0
        D:4 |      98 |       0 |   0.0 |      10 |       0 |   0.0
        D:5 |     267 |       3 |   1.1 |       9 |       1 |  10.0
        D:6 |     518 |       0 |   0.0 |      16 |       0 |   0.0
        D:7 |     704 |     282 |  28.6 |      18 |      33 |  64.7
        D:8 |     610 |     103 |  14.4 |      14 |       1 |   6.7
            +---------+---------+-------+---------+---------+-------
